 Dungeon Crawl Stone Soup version 0.26-a0-388-gf3277c4969 (webtiles) character file.

Game seed: 1139079415765669397

74652 KristoblXynda the Fencer (level 15, -1/126 HPs)
             Began as a Black Draconian Gladiator on July 21, 2020.
             Was a High Priest of Ashenzari.
             Killed from afar by a fire giant (32 damage)
             ... with a fireball
             ... on level 15 of the Dungeon.
             The game lasted 01:01:44 (32768 turns).

KristoblXynda the Fencer (DrGl)                    Turns: 32768, Time: 01:01:45

Health: -1/126     AC: 16    Str: 23    XL:     15   Next: 7%
Magic:  26/26      EV: 24    Int: 14    God:    Ashenzari [*****.]
Gold:   1733       SH: 18    Dex: 19    Spells: 20/28 levels left

rFire    . . .     SeeInvis +   I - +5 scimitar (flame) (curse)
rCold    . . .     Faith    .   P - +0 kite shield (curse)
rNeg     . . .     Spirit   .   (armour unavailable)
rPois    .         Reflect  +   b - +1 hat
rElec    +         Harm     .   e - +2 cloak
rCorr    .         Clarity  +   L - +0 pair of gloves (curse)
MR       +....                  x - +1 pair of boots
Stlth    ++........             Q - amulet of reflection (curse)
HPRegen  0.31/turn              h - +6 ring of dexterity (curse)
MPRegen  0.20/turn              F - +6 ring of strength (curse)

@: flying
A: breathe lightning, unfitting armour, big wings, electricity resistance,
cold-blooded, AC +9
a: Breathe Lightning, Stop Flying, Curse Item, Scrying, Transfer Knowledge,
Renounce Religion


You were on level 15 of the Dungeon.
You worshipped Ashenzari.
Ashenzari was extremely pleased with you.
You visited 3 branches of the dungeon, and saw 22 of its levels.
You also visited: Gauntlet and Volcano.

You collected 1733 gold pieces.

Inventory:

Hand Weapons
 k - a +0 scimitar of venom
 I - a cursed +5 scimitar of flaming (weapon)
Missiles
 c - 3 throwing nets (quivered)
Armour
 b - a +1 hat (worn)
 e - a +2 cloak (worn)
 x - a +1 pair of boots (worn)
 L - a cursed +0 pair of gloves (worn)
 P - a cursed +0 kite shield (worn)
Jewellery
 a - an uncursed ring of protection from magic
 h - a cursed +6 ring of dexterity (left hand)
 n - an uncursed ring of fire
 C - an uncursed ring of magical power
 F - a cursed +6 ring of strength (right hand)
 N - an uncursed amulet of regeneration
 Q - a cursed amulet of reflection (around neck)
 S - an uncursed amulet of guardian spirit
 T - the amulet "Kabueth" {Faith rPois MR+ MP-9}
   (You found it in a Gauntlet)

   [amulet of faith]

   It allows you to gain divine favour quickly.
   It protects you from poison.
   It affects your resistance to hostile enchantments.
   It affects your magic capacity (-9).
Wands
 p - a wand of acid (3)
 u - a wand of clouds (1)
 B - a wand of disintegration (2)
 D - a wand of paralysis (10)
Scrolls
 l - 7 scrolls of enchant armour
 m - 7 scrolls of magic mapping
 r - 7 scrolls of remove curse
 s - 9 scrolls of teleportation
 y - 4 scrolls of fear
 A - a scroll of holy word
 E - 2 scrolls of amnesia
 H - 3 scrolls of blinking
 K - 4 scrolls of immolation
 O - 2 scrolls of identify
 U - a scroll of enchant weapon
Potions
 d - a potion of lignification
 g - 3 potions of haste
 i - a potion of brilliance
 j - 2 potions of resistance
 o - 3 potions of curing
 q - 2 potions of cancellation
 t - 4 potions of stabbing
 v - 3 potions of ambrosia
 w - 3 potions of magic
 z - a potion of berserk rage
 J - 2 potions of mutation
 M - a potion of invisibility
Miscellaneous
 f - a lightning rod (4/4)
 G - a phial of floods (inert)


   Skills:
 - Level 10.0 Fighting
 + Level 15.1(18.6) Long Blades
 - Level 2.0 Throwing
 - Level 14.0 Dodging
 + Level 9.5(12.0) Shields
 + Level 7.3 Spellcasting
 - Level 7.0(11.0) Hexes
 + Level 4.2(8.0) Air Magic
 - Level 7.5(11.5) Evocations


You had 20 spell levels left.
You knew the following spells:

 Your Spells              Type           Power        Failure   Level
a - Tukima's Dance        Hex            #####...     1%          3
b - Lightning Bolt        Conj/Air       ###.......   67%         5

Your spell library contained the following spells:

 Spells                   Type           Power        Failure   Level
 Corona                   Hex            #####..      1%          1
 Swiftness                Air            ####....     1%          2
 Confusing Touch          Hex            #####...     1%          3
 Ensorcelled Hibernation  Hex/Ice        ###...       2%          2
 Cause Fear               Hex            #####.....   2%          4
 Shock                    Conj/Air       ###.         3%          1
 Dazzling Flash           Conj/Hex       ###...       5%          3
 Airstrike                Air            ####......   8%          4
 Static Discharge         Conj/Air       ###.....     11%         3
 Silence                  Hex/Air        ####......   11%         5
 Animate Skeleton         Necr           #.....       16%         1
 Apportation              Tloc           #.....       16%         1
 Summon Small Mammal      Summ           #...         16%         1
 Yara's Violent Unravell  Hex/Tmut       ###.......   45%         5
 Discord                  Hex            #####.....   100%        8
 Ignition                 Fire           #.........   100%        8
 Shatter                  Erth           #.........   100%        9
 Tornado                  Air            ####......   100%        9


Dungeon Overview and Level Annotations

Branches:
Dungeon (15/15)            Temple (1/1) D:4            Lair (6/6) D:11
  Swamp (0/4) Lair:3        Snake (0/4) Lair:4        Slime (0/5) Lair:6
    Orc (0/2) D:12         Vaults (0/5) D:13         Depths (0/5) D:15
Volcano (visited)         Gauntlet (visited)

Altars:
Ashenzari
Cheibriados
Dithmenos
Elyvilon
Fedhas
Gozag
Hepliaklqana
Kikubaaqudgha
Makhleb
Okawaru
Qazlal
Ru
Sif Muna
Trog
Uskayaw
Vehumet
Wu Jian
Xom
Yredelemnul
Zin
The Shining One
Jiyva

Annotations:
D:12 1 runed translucent door, Evuhet's ghost, journeyman OgGl
D:13 Onut's ghost, journeyman DsGl


Innate Abilities, Weirdness & Mutations

You can breathe wild blasts of lightning.
Your glossy black scales are hard. (AC +9)
You cannot fit into any form of body armour.
Your large and strong wings let you fly indefinitely.
You are resistant to electric shocks. (rElec)
You are cold-blooded and may be slowed by cold attacks.


Message History

The fire giant is moderately wounded.
The fire giant points at you and mumbles some strange words.
The fireball explodes!
The fireball engulfs you!!!
* * * LOW HITPOINT WARNING * * *
The fireball engulfs the fire giant!
The fire giant resists.
You strike the helpless fire giant from behind!
You slash the fire giant!
You tail-slap the fire giant, but do no damage.
The fire giant is heavily wounded.
You block the fire giant's attack.
Unknown command.
Okay, then.
You feel much better.
The fire giant hits you but does no damage.
The deep troll barely misses you. You block the deep troll's attack.
The deep troll barely misses you.
Okay, then.
The fire giant casts a spell at you.
The fireball explodes!
The fireball engulfs you!!
You die...

, * .##* ##..## #..., ,
,...# #....# #..# , ....#
##...###..#*,, * **,#....#
#∩.....#..## , , * * #....#
#...#......# .. , , , ,
#.... #..##......##... * **
#..9####.....##........ * ,
#[##....##........<...... *
* #.#...T.@..##.#..........
* ,
,**#.##.#..#....###......[..
,.# ,
D####C........#........ ,
.F, ..$##.................
*,, , *#.
.####...............#.. , ,
#.##.#................##. *
, **
#.#.................†.... *
,**
#[##.....................
##......................


You could see a fire giant, a deep troll and a gargoyle.

Vanquished Creatures
  2 entropy weavers (Gauntlet)
  A minotaur (Gauntlet)
  6 dire elephants (Lair:6)
  A yaktaur captain (D:13)
  An anaconda (Lair:6)
  6 hydras
  5 centaur warriors
  A death knight (D:14)
  4 tengu warriors
  A two-headed ogre (D:13)
  A salamander mystic (Volcano)
  A shadow wraith (D:13)
  A hell knight (Volcano)
  An unseen horror (D:14)
  An iron troll (D:13)
  2 wizards (D:13)
  2 phantasmal warriors
  An obsidian statue (Volcano)
  Pikel (D:7)
  A wolf spider (shapeshifter) (D:13)
  A wolf spider (Gauntlet)
  An orc sorcerer (D:11)
  3 salamanders (Volcano)
  3 cyclopes
  7 slime creatures
  A manticore (D:12)
  4 ugly things
  2 black mambas
  Joseph (D:10)
  A black mamba (shapeshifter) (D:14)
  10 elephants
  Maggie (D:6)
  3 centaur skeletons
  13 cane toads
  A freezing wraith (D:14)
  8 komodo dragons
  An efreet (D:13)
  2 rime drakes
  2 tengu conjurers (D:13)
  2 trolls (D:14)
  A polar bear (Lair:6)
  A jumping spider (Gauntlet)
  A hornet (D:13)
  Prince Ribbit (D:8)
  21 blink frogs
  13 dream sheep (Lair:6)
  7 hippogriffs
  A spriggan (Lair:1)
  10 redbacks
  A vampire (D:12)
  4 shadows
  16 yaks
  5 wyverns
  A wraith (D:14)
  7 fire bats (Volcano)
  3 basilisks
  2 steam dragons
  2 vampire mosquitoes (D:12)
  A two-headed ogre zombie (D:12)
  An acid dragon (D:12)
  8 porcupines
  6 water moccasins
  6 orc warriors
  3 sky beasts
  An eye of draining (D:14)
  3 phantoms
  An ice beast (D:12)
  A necrophage (D:9)
  9 ogres
  9 centaurs
  9 crocodiles
  7 wolves
  A big kobold (D:13)
  3 lemures (D:7)
  18 bullfrogs
  A water moccasin zombie (D:9)
  5 scorpions
  8 killer bees (D:10)
  11 wights
  5 howler monkeys (D:12)
  2 electric eels (D:8)
  4 centaur zombies
  4 bullfrog zombies
  8 lava snakes (Volcano)
  A quasit (D:14)
  9 hounds
  14 jellies
  7 orc priests
  12 orc wizards
  3 bullfrog skeletons
  10 iguanas
  20 worker ants
  7 ogre zombies (D:12)
  3 hound zombies
  A hound skeleton (D:6)
  7 gnolls
  A howler monkey skeleton (D:7)
  6 adders
  A shadow imp (D:7)
  3 white imps
  2 ufetubi (D:10)
  17 oozes
  A worm (D:3)
  3 leopard geckos
  46 orcs
  6 giant cockroaches
  6 goblins
  5 hobgoblins
  19 jackals
  8 quokkas
  A ball python (D:8)
  6 bats
  2 frilled lizards
  2 goblin skeletons (D:12)
  5 goblin zombies (D:12)
  2 hobgoblin skeletons (D:12)
  3 hobgoblin zombies (D:12)
  A jackal skeleton (D:8)
  8 kobolds
  A leopard gecko skeleton (D:5)
  A leopard gecko zombie (D:6)
  An orc skeleton (D:12)
  11 orc zombies (D:12)
  7 rats
  6 plants
614 creatures vanquished.

Vanquished Creatures (collateral kills)
  A centaur skeleton (D:14)
1 creature vanquished.

Vanquished Creatures (others)
  A manticore (D:15)
  5 dancing weapons
  2 orcs
  15 fungi
  18 plants
41 creatures vanquished.

Grand Total: 656 creatures vanquished

Notes
Turn   | Place    | Note
-------+----------+-------------------------------------------
     0 | D:1      | KristoblXynda the Draconian Gladiator began the quest for
                  | the Orb.
     0 | D:1      | Reached XP level 1. HP: 17/17 MP: 1/1
   298 | D:1      | Reached XP level 2. HP: 24/24 MP: 2/2
  1065 | D:2      | Reached XP level 3. HP: 30/30 MP: 3/3
  1211 | D:2      | Reached skill level 4 in Long Blades
  1211 | D:2      | Reached XP level 4. HP: 29/37 MP: 4/4
  1938 | D:3      | Reached XP level 5. HP: 45/45 MP: 5/5
  2687 | D:3      | Found a glowing golden altar of the Shining One.
  2688 | D:3      | Found a blossoming altar of Fedhas.
  2821 | D:4      | Found a staircase to the Ecumenical Temple.
  2836 | Temple   | Entered the Ecumenical Temple
  3047 | Temple   | Became a worshipper of Ashenzari the Shackled
  3246 | D:4      | Noticed an ogre
  3263 | D:4      | Killed an ogre
  3263 | D:4      | Reached skill level 5 in Long Blades
  3263 | D:4      | Reached XP level 6. HP: 25/52 MP: 6/6
  3890 | D:4      | Found an ornate altar of the Wu Jian Council.
  4650 | D:4      | Your scales start taking on a glossy black colour.
  4650 | D:4      | Reached XP level 7. HP: 60/60 MP: 7/7
  4650 | D:4      | Gained mutation: You are resistant to electric shocks.
                  | (rElec) [Black Draconian growth]
  4923 | D:4      | Reached skill level 6 in Long Blades
  5050 | D:5      | Entered Level 5 of the Dungeon
  5432 | D:5      | Reached skill level 5 in Fighting
  5983 | D:6      | Reached skill level 7 in Long Blades
  5983 | D:6      | Reached skill level 5 in Dodging
  5995 | D:6      | Reached XP level 8. HP: 36/69 MP: 8/8
  6557 | D:6      | Noticed Maggie
  6581 | D:6      | Killed Maggie
  6581 | D:6      | Reached skill level 8 in Long Blades
  6888 | D:6      | Reached * piety under Ashenzari
  8273 | D:7      | Reached XP level 9. HP: 78/78 MP: 9/9
  8292 | D:7      | Reached skill level 9 in Long Blades
  9166 | D:7      | Noticed Pikel
  9176 | D:7      | Killed Pikel
  9176 | D:7      | Reached skill level 10 in Long Blades
 10284 | D:8      | Learned a level 3 spell: Tukima's Dance
 10437 | D:8      | Reached skill level 1 in Hexes
 10437 | D:8      | Reached skill level 1 in Evocations
 10437 | D:8      | Reached XP level 10. HP: 77/88 MP: 10/10
 10547 | D:8      | Noticed Prince Ribbit
 10591 | D:8      | Killed Prince Ribbit
 11346 | D:8      | Identified a scroll of acquirement
 11346 | D:8      | Acquired a manual of Dodging
 12312 | D:10     | Entered Level 10 of the Dungeon
 12489 | D:10     | Noticed Joseph
 12524 | D:10     | Killed Joseph
 12948 | D:10     | Reached skill level 11 in Long Blades
 13283 | D:10     | Found a burning altar of Makhleb.
 13287 | D:10     | Reached ** piety under Ashenzari
 13927 | D:11     | Noticed a cyan ugly thing
 13934 | D:11     | Noticed a green ugly thing
 13946 | D:11     | Killed a green ugly thing
 13960 | D:11     | Killed a brown ugly thing
 13962 | D:11     | Reached XP level 11. HP: 29/94 MP: 11/11
 14251 | D:11     | Noticed an orc sorcerer
 14259 | D:11     | Killed an orc sorcerer
 15148 | D:11     | Found a staircase to the Lair.
 15407 | D:11     | Reached skill level 5 in Evocations
 15649 | D:12     | Reached skill level 10 in Dodging
 15659 | D:12     | Reached skill level 5 in Hexes
 16163 | D:12     | Found a runed translucent door.
 16163 | D:12     | Identified the +8 spear "Touhyi" {freeze, rElec Str-4
                  | Dex+3}
 16163 | D:12     | Noticed a spriggan rider
 16168 | D:12     | Noticed Evuhet's ghost (journeyman OgGl)
 16287 | D:12     | Noticed a centaur warrior
 16306 | D:12     | Killed a centaur warrior
 16306 | D:12     | Reached skill level 12 in Long Blades
 16514 | D:12     | Found a staircase to the Orcish Mines.
 17392 | D:13     | Noticed a two-headed ogre
 17406 | D:13     | Killed a two-headed ogre
 17563 | D:13     | Noticed a centaur warrior
 17566 | D:13     | Noticed a centaur warrior
 17579 | D:13     | Noticed a tengu warrior
 17589 | D:13     | Noticed a centaur warrior
 17590 | D:13     | HP: 2/94 [centaur warrior/arrow (17)]
 17639 | D:13     | Noticed a wizard
 17669 | D:13     | HP: 4/94 [hornet (11)]
 17669 | D:13     | Paralysed by a hornet for 1 turns
 17912 | D:13     | Killed a wizard
 17912 | D:13     | Reached skill level 1 in Spellcasting
 17912 | D:13     | Reached XP level 12. HP: 71/101 MP: 10/13
 18051 | D:13     | Noticed a centaur warrior
 18071 | D:13     | Killed a centaur warrior
 18532 | D:13     | Killed a centaur warrior
 18595 | D:13     | Noticed a tengu warrior
 18620 | D:13     | Killed a tengu warrior
 18718 | D:13     | Found a runed translucent door.
 18718 | D:13     | Noticed Onut's ghost (journeyman DsGl)
 18718 | D:13     | Noticed a yaktaur captain
 18923 | D:13     | Killed a tengu warrior
 18930 | D:13     | HP: 5/101 [efreet/fireball (29)]
 19205 | D:13     | Noticed a spark wasp
 19296 | D:13     | Killed a centaur warrior
 19296 | D:13     | Reached skill level 1 in Shields
 19340 | D:13     | Killed a centaur warrior
 19395 | D:13     | Noticed a queen ant
 19427 | D:13     | Noticed an ice dragon
 19519 | D:13     | Paralysed by a wizard for 5 turns
 19852 | Lair:1   | Entered Level 1 of the Lair of Beasts
 20268 | Lair:1   | Reached skill level 13 in Long Blades
 21388 | Lair:2   | Reached *** piety under Ashenzari
 22824 | D:13     | Reached XP level 13. HP: 68/107 MP: 18/18
 22998 | D:13     | Found a gate to the Vaults.
 23771 | Lair:3   | Found a staircase to the Swamp.
 23780 | Lair:3   | Reached skill level 5 in Shields
 24190 | Lair:3   | Reached **** piety under Ashenzari
 24523 | Lair:4   | Found a staircase to the Snake Pit.
 24689 | Lair:4   | Found an opulent altar of Gozag.
 25065 | Lair:5   | Found a dark tunnel.
 25071 | Volcano  | Entered a volcano
 25412 | Volcano  | Found a bloodstained altar of Trog.
 25854 | Lair:5   | Reached skill level 14 in Long Blades
 26271 | Lair:6   | Entered Level 6 of the Lair of Beasts
 26272 | Lair:6   | Reached ***** piety under Ashenzari
 26840 | Lair:6   | Gained mutation: Your large and strong wings let you fly
                  | indefinitely. [Black Draconian growth]
 26840 | Lair:6   | Reached XP level 14. HP: 62/116 MP: 21/21
 27316 | Lair:6   | Reached skill level 5 in Spellcasting
 27351 | Lair:6   | Found a runed translucent door.
 27351 | Lair:6   | Found a viscous altar of Jiyva.
 27357 | Lair:6   | Found a staircase to the Slime Pits.
 27488 | Lair:6   | Learned a level 5 spell: Lightning Bolt
 28136 | Lair:6   | Identified the +10 trident of Fejafe Xeuhu {elec, Stlth+}
 29784 | D:13     | Reached skill level 10 in Fighting
 30228 | D:14     | Reached skill level 1 in Air Magic
 30979 | D:14     | Found a snail-covered altar of Cheibriados.
 31128 | D:14     | Reached skill level 15 in Long Blades
 31581 | D:15     | Entered Level 15 of the Dungeon
 31584 | D:15     | Found a gate leading to a gauntlet.
 31591 | Gauntlet | Entered a Gauntlet
 31591 | Gauntlet | Found a large runed translucent door.
 31591 | Gauntlet | Found a large runed translucent door.
 31591 | Gauntlet | Found a large runed translucent door.
 31591 | Gauntlet | Found a large runed translucent door.
 31591 | Gauntlet | Found a large runed translucent door.
 31591 | Gauntlet | Found a large runed translucent door.
 31591 | Gauntlet | Found a runed translucent door.
 31591 | Gauntlet | Found a transporter.
 31591 | Gauntlet | Found a runed translucent door.
 31591 | Gauntlet | Found a large runed translucent door.
 31591 | Gauntlet | Found a large runed translucent door.
 31591 | Gauntlet | Found a large runed translucent door.
 31591 | Gauntlet | Found a large runed translucent door.
 31591 | Gauntlet | Found a large runed translucent door.
 31591 | Gauntlet | Found a large runed translucent door.
 31592 | Gauntlet | Found a large runed translucent door.
 31592 | Gauntlet | Found a large runed translucent door.
 31592 | Gauntlet | Found a large runed translucent door.
 31594 | Gauntlet | Found a runed translucent gate.
 31594 | Gauntlet | Found a runed translucent gate.
 31594 | Gauntlet | Found a transporter.
 31594 | Gauntlet | Found a runed translucent gate.
 31595 | Gauntlet | Found a transporter.
 31595 | Gauntlet | Noticed an entropy weaver
 31596 | Gauntlet | Found a transporter.
 31599 | Gauntlet | Found a transporter.
 31600 | Gauntlet | Found a transporter.
 31604 | Gauntlet | Found a runed translucent door.
 31609 | Gauntlet | Noticed an entropy weaver
 31612 | Gauntlet | Found a transporter.
 31613 | Gauntlet | Identified the amulet "Kabueth" {Faith rPois MR+ MP-9}
 31614 | Gauntlet | Identified the +3 pair of gloves of Fashionability {Int+6
                  | Dex-5}
 31615 | Gauntlet | Found a transporter.
 31627 | Gauntlet | Found a runed translucent door.
 31635 | Gauntlet | Identified the +1 pair of gloves "Saidoa" {rElec}
 31638 | Gauntlet | Found a transporter.
 31662 | Gauntlet | Found a transporter.
 31666 | Gauntlet | Found a transporter.
 31674 | Gauntlet | Found a transporter.
 31687 | Gauntlet | Found a large runed translucent door.
 31718 | Gauntlet | Killed an entropy weaver
 31905 | Gauntlet | Killed an entropy weaver
 31905 | Gauntlet | Reached XP level 15. HP: 27/126 MP: 25/25
 32526 | D:15     | Found a staircase to the Depths.
 32526 | D:15     | Noticed a fire giant
 32765 | D:15     | HP: 2/126 [fire giant/fireball (53)]
 32768 | D:15     | Killed from afar by a fire giant

Illustrated notes

Levels and vault maps discovered:
D:1:      zaba_arrival_water, layout_basic
D:2:      layout_loops_ring
D:3:      layout_loops_cross, gammafunk_temple_overflow_pools
D:4:      layout_cave_pods, nicolae_overflow_crystal_walls,
          minmay_temple_entry_offerings
D:5:      layout_basic
D:6:      layout_basic, nicolae_overflow_hidden_temple, uniq_maggie
D:7:      layout_basic, uniq_harold, uniq_pikel
D:8:      layout_basic, water_maze_lemuel, uniq_prince_ribbit1
D:9:      layout_loops_ring
D:10:     layout_basic, basic_altar, uniq_joseph
D:11:     layout_roguey, erik_lair_dragon, minmay_librarian
D:12:     layout_long_grid, zombieorc2_lemuel, ebering_ghost_funeral_grove
D:13:     layout_gridville, david_vaults_4, ebering_ghost_inner_flame
D:14:     layout_irregular_city, cheibriados_altar_1,
          chequers_serial_rivers_small_3, drop_trap, hangedman_corner_corridor
D:15:     grunt_enter_depths_giant_problem, layout_cave_pools,
          okawaru_ov_weapons_minmay, gauntlet_entry_generic,
          serial_bayou_lagoon_a, minmay_fractal_squares_gapless_7
Temple:   dpeg_five_rooms_temple
Lair:1:   layout_regular_city, wad_woods_03
Lair:2:   layout_big_grid
Lair:3:   layout_gridlike, minmay_swamp_entry_reptiles, serial_bayou_shore_b,
          grunt_megastairs_2
Lair:4:   lemuel_slime, layout_big_grid, dummy_snake_entry, basic_altar,
          lemuel_old_faithful
Lair:5:   layout_long_grid, lightli_volcano_entry_magma_tube
Lair:6:   due_jungle_book, layout_misc_corridors, slime_altar_2

Skill      XL: |  1  2  3  4  5  6  7  8  9 10 11 12 13 14 15 |
---------------+----------------------------------------------+-----
Throwing       | 2 |  2.0
Dodging        | 3 4 5 6 7 9 11 13 14 | 14.0
Long Blades    | 4 5 7 8 10 11 12 13 14 15 | 15.1
Fighting       | 3 4 5 6 8 10 | 10.0
Hexes          | 1 4 6 7 |  7.0
Evocations     | 1 4 6 7 |  7.5
Spellcasting   | 1 3 4 7 |  7.3
Shields        | 4 7 9 |  9.5
Air Magic      | 3 4 |  4.2

Action                   |  1- 3 |  4- 6 |  7- 9 | 10-12 | 13-15 || total
-------------------------+-------+-------+-------+-------+-------++-------
Melee: Long sword        |    69 |   160 |   423 |  1009 |       ||  1661
       Tailslap          |    11 |    33 |   122 |   269 |   228 ||   663
       Scimitar          |       |       |       |     5 |   813 ||   818
Throw: Throwing net      |       |     1 |       |       |       ||     1
 Cast: Tukima's Dance    |       |       |       |     6 |    21 ||    27
Invok: Curse Item        |       |     1 |       |     1 |     5 ||     7
 Abil: Breathe Lightning |       |       |     7 |    15 |     8 ||    30
       Evoke Flight      |       |       |       |     2 |       ||     2
       Fly               |       |       |       |       |     1 ||     1
Evoke: Wand              |       |       |       |    17 |    12 ||    29
       Phial of floods   |       |       |       |       |     1 ||     1
  Use: Potion            |       |     3 |     1 |     7 |     2 ||    13
       Scroll            |       |     2 |     7 |    29 |     8 ||    46
 Stab: Sleeping          |     2 |     1 |     2 |     7 |     6 ||    18
       Paralysed         |       |       |       |     4 |     5 ||     9
       Distracted        |       |       |       |     2 |     3 ||     5
       Confused          |       |       |       |     4 |       ||     4
Armor: Skin              |    17 |    50 |   127 |   304 |   158 ||   656
Dodge: Dodged            |    50 |   131 |   329 |   922 |   665 ||  2097
Block: Buckler           |       |       |       |    17 |   270 ||   287
       Kite shield       |       |       |       |       |     8 ||     8
       Reflection        |       |       |       |       |     3 ||     3
       Rpst.: Long sword |    17 |    47 |   111 |   244 |       ||   419
       Scimitar          |       |       |       |     1 |   139 ||   140

Table legend: (Time is in decaauts)
 A = Elapsed time spent in this place.
 B = Non-inter-level travel time spent in this place.
 C = Inter-level travel time spent in this place.
 D = Time resting spent in this place.
 E = Time spent auto-exploring this place.
 F = Levels seen in this place.
 G = Mean time per level.
                   A        B        C        D        E       F      G
               +--------+--------+--------+--------+--------+-----+--------+
         Total |  32389 |  30705 |   1684 |  11219 |  13011 |  24 | 1349.5 |
       Dungeon |  22343 |  21296 |   1047 |   7834 |   9199 |  15 | 1489.5 |
        Temple |    550 |    502 |     48 |    305 |    179 |   1 |  550.0 |
          Lair |   8160 |   7571 |    589 |   2370 |   3495 |   6 | 1360.0 |
       Volcano |    426 |    426 |      0 |    168 |      0 |   1 |  426.0 |
      Gauntlet |    909 |    909 |      0 |    542 |    137 |   1 |  909.0 |
               +--------+--------+--------+--------+--------+-----+--------+
Top levels by time: D:13: 2646 daAuts D:12: 2519 daAuts Lair:6: 2414 daAuts D:6: 2233 daAuts D:11: 1977 daAuts Lair:1: 1849 daAuts D:4: 1792 daAuts D:8: 1747 daAuts D:14: 1588 daAuts D:10: 1562 daAuts
